 Dungeon Crawl Stone Soup version 0.30-a0-879-ga8ba668304 (webtiles) character file.

Game seed: 5374983992167101918

655 112233 the Magician (level 7, 0/41 HPs)
             Began as an Octopode Summoner on Mar 14, 2023.
             Slain by a black bear (5 damage)
             ... on level 5 of the Dungeon.
             The game lasted 00:05:11 (3577 turns).

112233 the Magician (Octopode Summoner)             Turns: 3577, Time: 00:05:12

Health: 0/41       AC:  1    Str:  7    XL:     7   Next: 54%
Magic:  25/26      EV: 13    Int: 20    God:
Gold:   209        SH:  0    Dex: 12    Spells: 7/20 levels left

rFire   . . .      SeeInvis .    g - +0 trident
rCold   . . .      Faith    .    (no shield)
rNeg    . . .      Spirit   .    (helmet restricted)
rPois   .          Reflect  .    o - amulet of magic regeneration
rElec   .          Rampage  .    v - ring of flight
rCorr   .                        w - ring of magical power
Will    .....                    (no ring)
Stlth   +++                      (no ring)
HPRegen 0.26/turn                (no ring)
MPRegen 0.60/turn                (no ring)
                                 (no ring)
                                 (no ring)

@: flying
A: almost no armour, amphibious, 8 rings, camouflage 1, gelatinous body 1,
(nimble swimmer 1), tentacles
a: no special abilities


You were on level 5 of the Dungeon.
You visited 1 branch of the dungeon, and saw 5 of its levels.

You collected 209 gold pieces.

Inventory:

Hand Weapons
 g - a +0 trident (weapon)
Armour
 p - a +0 tower shield
Magical Staves
 i - a staff of conjuration
Jewellery
 j - an amulet of reflection
 o - an amulet of magic regeneration (around mantle)
 r - an amulet of faith
 v - a ring of flight (left tentacle)
 w - a ring of magical power (right tentacle)
 x - a ring of wizardry
Scrolls
 c - a scroll of immolation {unknown}
 e - 4 scrolls of identify {unknown}
 f - a scroll of fear {unknown}
 m - a scroll of vulnerability {unknown}
 n - a scroll of magic mapping {unknown}
 q - 2 scrolls of teleportation {unknown}
 t - a scroll of butterflies {unknown}
Potions
 a - a potion of magic
 b - 2 potions of curing
 d - a potion of degeneration {unknown}
 h - 3 potions of heal wounds {unknown}
 k - a potion of flight {unknown}
 l - a potion of brilliance {unknown}
 s - 2 potions of attraction {unknown}
 u - a potion of might {unknown}
 z - a potion of haste {unknown}


   Skills:
 - Level 2.0 Dodging
 - Level 2.7 Stealth
 + Level 7.2 Spellcasting
 * Level 4.7 Summonings


You had 7 spell levels left.
You knew the following spells:

 Your Spells              Type           Power      Damage    Failure   Level
a - Summon Small Mammal   Summ           100%       N/A       1%          1
b - Call Imp              Summ           26%        N/A       1%          2
c - Call Canine Familiar  Summ           26%        N/A       4%          3
d - Summon Guardian Gole  Hex/Summ       16%        N/A       11%         3
e - Summon Lightning Spi  Summ/Air       16%        N/A       34%         4

Your spell library contained the following spells:

 Spells                   Type           Power      Damage    Failure   Level
 Necrotise                Necr           28%        1d5       10%         1
 Lesser Beckoning         Tloc           14%        N/A       14%         2
 Gell's Gravitas          Tloc           7%         N/A       28%         3
 Portal Projectile        Hex/Tloc       14%        N/A       28%         3
 Teleport Other           Tloc           7%         N/A       28%         3
 Tukima's Dance           Hex            7%         N/A       28%         3
 Vampiric Draining        Necr           7%         2d6       28%         3
 Agony                    Necr           7%         N/A       95%         5
 Blade Hands              Tmut           3%         N/A       95%         5


Dungeon Overview and Level Annotations

Branches:
Dungeon (5/15)
 Temple: D:4-7

Altars:
Fedhas
Kikubaaqudgha
Ru

Shops:
D:1 :   D:3 *

Annotations:
D:3 2 transporters, stillor's ghost, weakling DEHW


Innate Abilities, Weirdness & Mutations

You cannot wear most types of armour.
You are amphibious.
You can wear up to eight rings at the same time.
Your skin changes colour to match your surroundings (Stealth+).
Your rubbery body absorbs attacks. (AC +1, EV +1)
((You are camouflaged when in or above water. (Stealth+)))
You have tentacles for arms and can constrict up to eight enemies at once.


Message History

The black bear bites your hound! The black bear claws your hound. x2
Your crimson imp hits the black bear but does no damage.
Your hound bites the black bear.
Your hound bites the black bear but does no damage.
The black bear closely misses your hound. x2
The black bear claws your hound.
Your hound dies!
Your hound's corpse disappears in a puff of smoke!
Your crimson imp blinks!
The black bear growls angrily.
Casting: Call Imp (safe; 1% risk of failure)
Confirm with . or Enter, or press ? or * to list all spells.
Your crimson imp blinks!
The black bear goes berserk!
Unknown command.
Your hound closely misses the black bear.
The black bear closely misses your hound.
The black bear claws your hound. x2
Your crimson imp blinks!
Your hound closely misses the black bear.
Something bites your hound but does no damage.
Something claws your hound. x2
Casting: Call Canine Familiar (dangerous; 4% risk of failure)
Confirm with . or Enter, or press ? or * to list all spells.
A beastly little devil appears in a puff of flame.
Your hound bites the black bear.
The black bear barely misses your hound.
The black bear claws your hound. x2
Your hound dies!
Your hound's corpse disappears in a puff of smoke!
The black bear bites you. The black bear barely misses you.
The black bear claws you!
Your crimson imp hits the black bear.
You swap places.
The black bear closely misses you. x2
The black bear claws you. The black bear bites you!
* * * LOW HITPOINT WARNING * * *
The black bear claws you.
* * * LOW HITPOINT WARNING * * *
The black bear claws you.
You die...

..# ##.......~♣..~≈~ #...
##...#~~.~..≈.. #.#.
.....####.##.# ##.?5#
##........##.# ..≈...
####...<....# ≈≈≈~.§#
####..........#.
...~~≈.#####....######.#...
#=.##...#### #.....
##.##@### ####.. #..h5# #..
###### #.. ##. ## #


You could see a black bear (berserk, ally target) and a friendly crimson imp
(summoned).

Vanquished Creatures
  A scorpion (D:3)
  A hound (D:4)
  An ufetubus (D:3)
  4 bats
  An endoplasm (D:1)
  A giant cockroach (D:4)
  A goblin (D:2)
  A hobgoblin (D:2)
  A jackal (D:3)
  3 quokkas
  3 ball pythons
  A frilled lizard (D:3)
  3 kobolds
  A rat (D:3)
23 creatures vanquished.

Vanquished Creatures (collateral kills)
  Grinder (D:4)
  An ogre (D:3)
  2 hounds
  An iguana (D:5)
  An orc wizard (D:3)
  3 gnolls (D:5)
  2 adders
  A white imp (D:4)
  A worm (D:4)
  4 dart slugs
  11 orcs
  5 endoplasms
  3 giant cockroaches
  10 goblins
  3 hobgoblins
  3 jackals (D:3)
  A kobold (D:2)
  2 quokkas (D:4)
  3 ball pythons
  3 bats
  4 frilled lizards
  2 rats (D:1)
67 creatures vanquished.

Grand Total: 90 creatures vanquished

Notes
Turn   | Place    | Note
-------+----------+-------------------------------------------
     0 | D:1      | 112233 the Octopode Summoner began the quest for the Orb.
     0 | D:1      | Reached XP level 1. HP: 11/11 MP: 3/3
     2 | D:1      | Noticed a ghoul
     2 | D:1      | Noticed a gargoyle
     4 | D:1      | Noticed an elf
     4 | D:1      | Noticed a formicid
     6 | D:1      | Noticed a tengu
     6 | D:1      | Noticed a draconian
     8 | D:1      | Noticed a demonspawn
     8 | D:1      | Noticed a vampire
    10 | D:1      | Noticed a human
    10 | D:1      | Noticed a merfolk
    14 | D:1      | Noticed a spriggan
    14 | D:1      | Noticed an armataur
    17 | D:1      | Noticed an ogre
    17 | D:1      | Noticed a demigod
    19 | D:1      | Noticed a naga
    19 | D:1      | Noticed a felid
    21 | D:1      | Noticed a troll
    21 | D:1      | Noticed a meteoran
    23 | D:1      | Noticed an octopode
    25 | D:1      | Noticed a human
    25 | D:1      | Noticed a minotaur
    27 | D:1      | Noticed a minotaur
    27 | D:1      | Noticed an ogre
   140 | D:1      | Reached XP level 2. HP: 16/17 MP: 1/5
   140 | D:1      | Found Jahu's Vocational Training.
   336 | D:1      | Learned a level 2 spell: Call Imp
   942 | D:2      | Reached skill level 3 in Spellcasting
  1080 | D:2      | Reached XP level 3. HP: 16/21 MP: 4/7
  1610 | D:3      | Found a transporter.
  1613 | D:3      | Identified the +0 great mace "Hell-Harrower" {speed, Int+3}
  1613 | D:3      | Noticed an ogre
  1613 | D:3      | Noticed an ogre
  1613 | D:3      | Noticed stillor's ghost (weakling DEHW)
  1618 | D:3      | Found a transporter.
  1705 | D:3      | Found Joelilin's Assorted Antiques.
  1719 | D:3      | Reached XP level 4. HP: 27/27 MP: 9/9
  1732 | D:3      | Learned a level 3 spell: Call Canine Familiar
  1763 | D:3      | Reached skill level 4 in Spellcasting
  2033 | D:3      | Noticed an ogre
  2046 | D:3      | Killed an ogre
  2047 | D:3      | Reached skill level 5 in Spellcasting
  2047 | D:3      | Reached XP level 5. HP: 24/31 MP: 7/12
  2118 | D:3      | Reached XP level 6. HP: 23/36 MP: 12/14
  2587 | D:4      | Learned a level 3 spell: Summon Guardian Golem
  2592 | D:4      | Learned a level 4 spell: Summon Lightning Spire
  2656 | D:4      | Reached skill level 6 in Spellcasting
  2681 | D:4      | Found a blossoming altar of Fedhas.
  2700 | D:4      | Found an ancient bone altar of Kikubaaqudgha.
  2741 | D:4      | Found a sacrificial altar of Ru.
  2788 | D:4      | Noticed Grinder
  2823 | D:4      | Killed Grinder
  2824 | D:4      | Reached skill level 7 in Spellcasting
  2824 | D:4      | Reached XP level 7. HP: 41/41 MP: 14/17
  3250 | D:5      | Entered Level 5 of the Dungeon
  3577 | D:5      | Slain by a black bear

Illustrated notes

Levels and vault maps discovered:
D:1:      kb_arrival_jail, layout_basic, nicolae_shop_vocational
D:2:      layout_rooms, grunt_decor_arrowhead
D:3:      layout_rooms, serial_shops, shop, gammafunk_ghost_smash,
          minmay_ogre_servants
D:4:      layout_gridville, nicolae_overflow_hidden_temple, uniq_grinder
D:5:      layout_rooms, grunt_temple_overflow_holy_war, serial_rivers,
          chequers_serial_rivers_marsh, chequers_serial_rivers_small_b,
          chequers_serial_rivers_small_a, chequers_serial_rivers_micro_e

Skill      XL: |  1  2  3  4  5  6 |
---------------+-------------------+-----
Spellcasting   | 3 5 7 |  7.2
Dodging        | |  2.0
Stealth        | |  2.7
Summonings     | |  4.7

Action                     |  1- 3 |  4- 6 |  7- 9 || total
---------------------------+-------+-------+-------++-------
  Melee: Unarmed           |     6 |       |       ||     6
         Tentacles         |     6 |     2 |     1 ||     9
         Constrict         |     4 |     3 |     2 ||     9
         Trident           |    30 |    29 |     9 ||    68
         Punch             |     1 |       |     1 ||     2
   Cast: Summon Small Mamm |    28 |    12 |     2 ||    42
         Call Imp          |    17 |    16 |    10 ||    43
         Call Canine Famil |       |     9 |     8 ||    17
         Summon Guardian G |       |       |     1 ||     1
    Use: Potion            |       |     1 |       ||     1
   Stab: Sleeping          |     5 |     4 |       ||     9
         Distracted        |     1 |       |       ||     1
 Armour: Skin              |     7 |     1 |       ||     8
  Dodge: Dodged            |    28 |    21 |    10 ||    59

Table legend: (Time is in decaauts)
 A = Elapsed time spent in this place.
 B = Non-inter-level travel time spent in this place.
 C = Inter-level travel time spent in this place.
 D = Time resting spent in this place.
 E = Time spent auto-exploring this place.
 F = Levels seen in this place.
 G = Mean time per level.
                   A        B        C        D        E       F      G
               +--------+--------+--------+--------+--------+-----+--------+
         Total |   3598 |   3476 |    122 |    124 |   2572 |   5 |  719.6 |
       Dungeon |   3598 |   3476 |    122 |    124 |   2572 |   5 |  719.6 |
               +--------+--------+--------+--------+--------+-----+--------+

Top non-repeatable levels by time:
     D:3: 942 daAuts
     D:1: 846 daAuts
     D:4: 784 daAuts
     D:2: 699 daAuts
     D:5: 327 daAuts
